 Dungeon Crawl Stone Soup version 0.32-a0-119-g2e8054a333 (webtiles) character file.

Game seed: 801325885094303174

6566 senseless the Fighter (level 10, -8/91 HPs)
             Began as a Red Draconian Shapeshifter on Feb 6, 2024.
             Was a Follower of the Shining One.
             Mangled by a sixfirhy (11 damage)
             ... summoned by a kobold demonologist
             ... on level 9 of the Dungeon.
             The game lasted 00:29:10 (9581 turns).

senseless the Fighter (Red Draconian Shapeshifter)  Turns: 9581, Time: 00:29:10

Health: -8/91      AC:  7    Str: 21    XL:     10   Next: 70%
Magic:  10/10      EV: 14    Int: 10    God:    the Shining One [*.....]
Gold:   335        SH:  0    Dex: 11    Spells: 9/9 levels left

rFire   + .          .
                       - Unarmed
rCold   . . .        (no shield)
rNeg    . . .        (body armour unavailable)
rPois   .            (helmet currently unavailable)
rElec   .            (cloak currently unavailable)
rCorr   .            (gloves currently unavailable)
SInv    .            (boots currently unavailable)
Will    .....        r - amulet of faith
Stlth   +            (no ring)
HPRegen 0.35/turn    (no ring)
MPRegen 0.12/turn

%: faith
@: beast-form, glowing
A: beast (slay +4), breathe fire, AC +7, unfitting armour, fire resistance 1,
cold-blooded
a: Breathe Fire, Begin Untransformation, Renounce Religion, Divine Shield


You were on level 9 of the Dungeon.
You worshipped the Shining One.
The Shining One was aware of your devotion.
You were a hulking beast.
You visited 2 branches of the dungeon, and saw 10 of its levels.

You collected 491 gold pieces.
You spent 156 gold pieces at shops.

Inventory:

Hand Weapons
 b - a +2 shortbow of electrocution
 z - a +2 flail of protection
 C - a +2 short sword of flaming
Missiles
 a - 6 throwing nets
 n - 13 poisoned darts
 x - 4 boomerangs
 A - a curare-tipped dart
Armour
 m - the +2 ratskin cloak {*Rats rPois rN+ Str-1 Int-1 Dex+1}
   (You found it on level 3 of the Dungeon)

   *Rats:     When the wearer is hurt, rats may emerge from it to assist them.
   Str-1:     It affects your strength (-1).
   Int-1:     It affects your intelligence (-1).
   Dex+1:     It affects your dexterity (+1).
   rPois:     It protects you from poison rN+: It protects you from negative
   energy.
 t - a +0 pair of boots
 v - a +2 cloak of poison resistance
Jewellery
 r - an amulet of faith (around neck)
Talismans
 c - a flux talisman
 y - a beast talisman
Wands
 q - a wand of iceblast (15)
 w - a wand of flame (23)
 E - a wand of light (4)
Scrolls
 f - 5 scrolls of fear
 h - 3 scrolls of blinking
 k - a scroll of revelation
 l - 2 scrolls of butterflies
 s - a scroll of immolation
Potions
 d - 2 potions of haste
 e - 2 potions of attraction
 g - a potion of enlightenment
 i - a potion of brilliance
 o - a potion of berserk rage
 p - 3 potions of curing
 u - a potion of cancellation {unknown}


   Skills:
 + Level 9.0 Fighting
 + Level 7.7 Dodging
 + Level 8.8 Unarmed Combat
 + Level 8.2 Shapeshifting


You had 9 spell levels left.
You didn't know any spells.
Your spell library contained the following spells:

 Spells                   Type           Power      Damage    Failure   Level
 Magic Dart               Conj           0%         1d3       36%         1
 Sandblast                Erth           0%         2d4       36%         1
 Blink                    Tloc           0%         N/A       50%         2
 Call Imp                 Summ           0%         N/A       50%         2
 Cigotuvi's Dreadful Rot  Necr/Alch/Air  0%         N/A       50%         2
 Lesser Beckoning         Tloc           0%         N/A       50%         2
 Momentum Strike          Conj/Tloc      0%         3d8       50%         2
 Searing Ray              Conj           0%         2d4       50%         2
 Passwall                 Erth           0%         N/A       75%         3
 Stone Arrow              Conj/Erth      0%         3d7       75%         3
 Brom's Barrelling Bould  Conj/Erth      0%         2d3       98%         4
 Fulminant Prism          Conj/Alch      0%         3d5       98%         4
 Ignite Poison            Fire/Alch      0%         N/A       98%         4
 Leda's Liquefaction      Alch/Erth      0%         N/A       98%         4
 Freezing Cloud           Conj/Ice/Air   0%         6-21      100%        5
 Lee's Rapid Deconstruct  Erth           0%         3d4*      100%        5
 Bombard                  Conj/Erth      0%         9d1       100%        6
 Lehudib's Crystal Spear  Conj/Erth      0%         10d2      100%        8
 Animate Armour           Summ/Erth      Unusable   N/A       N/A         4

Dungeon Overview and Level Annotations

Branches:
Dungeon (9/15)             Temple (1/1) D:6
   Lair: D:8-11         Orc: D:9-12

Altars:
Ashenzari
Cheibriados
Dithmenos
Elyvilon
Fedhas
Gozag
Hepliaklqana
Kikubaaqudgha
Makhleb
Nemelex Xobeh
Okawaru
Qazlal
Ru
Sif Muna
Trog
Uskayaw
Vehumet
Wu Jian
Xom
Yredelemnul
Zin
The Shining One

Shops:
D:9 (*


Innate Abilities, Weirdness & Mutations

You are a hulking beast.
Your limbs bulge with bestial killing power. (Slay +4)
You can breathe blasts of fire.
Your fiery red scales are hard. (AC +7)
You cannot fit into any form of body armour.
Your flesh is heat resistant. (rF+)
You are cold-blooded and may be slowed by cold attacks.


Message History

Aiming: Breathe Fire (3% risk of failure)
Press: ? - help, Shift-Dir - straight line You breathe a blast of fire.
The fiery breath hits the kobold demonologist.
The kobold demonologist is lightly wounded.
The fiery breath hits the sixfirhy!
The sixfirhy is moderately wounded.
The fiery breath hits the kobold!
You kill the kobold!
The sixfirhy hits you. The sixfirhy shocks you!
The sixfirhy closely misses you.
The kobold hits you with a +0 short sword.
The sixfirhy closely misses you. The sixfirhy hits you!
The sixfirhy shocks you! The kobold attacks as it pursues you!
The kobold closely misses you.
You punch the kobold demonologist! You tail-slap the kobold demonologist.
The kobold demonologist is severely wounded.
The kobold demonologist hits you but does no damage.
You barely miss the kobold demonologist.
The kobold demonologist is severely wounded.
You have got your breath back.
The kobold hits you but does no damage.
You barely miss the kobold demonologist.
The kobold demonologist is severely wounded.
The sixfirhy hits you! The sixfirhy shocks you!
The kobold demonologist mumbles some strange words.
The kobold hits you but does no damage. The sixfirhy hits you!
The sixfirhy shocks you!
* * * LOW HITPOINT WARNING * * *
You hit the kobold demonologist.
You tail-slap the kobold demonologist, but do no damage.
The kobold demonologist is severely wounded.
The sixfirhy hits you.
* * * LOW HITPOINT WARNING * * *
The sixfirhy shocks you!
* * * LOW HITPOINT WARNING * * *
The sixfirhy barely misses you. The sixfirhy hits you.
* * * LOW HITPOINT WARNING * * *
The sixfirhy shocks you!
You die...

###..)# .#...# >...#
#...# #[..# # #. #...#
.# ....####.<.# ###.#
#......K.)######...#
######h3#......#.#.###
##K######.......## #)#
##..#..... #()(#
#∩###..#.
...☼.######.# #..#
#..........#.# ##.#
......### #...# ##.#
.....### ##..####...
###... #.....#...


You could see a kobold demonologist, a sixfirhy (summoned) and a kobold.

Vanquished Creatures
  A kobold demonologist (D:9)
  A troll (D:9)
  A hornet (D:9)
  Prince Ribbit (D:5)
  The ghost of Nico3ck the Cudgeller, an amateur DsGl of Gozag (D:6)
  Sigmund (D:5)
  A wyvern (D:4)
  5 steam dragons
  Grum (D:7)
  A water moccasin (D:7)
  2 black bears
  2 orc warriors
  3 sky beasts (D:7)
  An ice beast (D:6)
  A wolf (D:7)
  2 ogres (D:5)
  A centaur (D:9)
  5 kobold brigands
  9 bullfrogs
  2 gnoll sergeants
  2 scorpions (D:4)
  8 wights
  9 killer bees
  2 howler monkeys (D:7)
  4 bombardier beetles
  7 hounds
  5 jellies
  Crazy Yiuf (D:4)
  2 gnoll boudas
  2 orc priests
  2 iguanas
  A sleepcap (D:6)
  4 orc wizards
  20 gnolls
  8 adders
  A shadow imp (D:8)
  2 white imps
  2 ufetubi (D:6)
  A dart slug (D:1)
  25 orcs
  5 endoplasms
  2 giant cockroaches
  2 goblins
  9 hobgoblins
  9 jackals
  19 kobolds
  2 quokkas (D:1)
  7 ball pythons
  4 bats
  2 frilled lizards
  3 rats (D:1)
214 creatures vanquished.

Notes
Turn   | Place    | Note
-------+----------+-------------------------------------------
     0 | D:1      | senseless the Draconian Shapeshifter began the quest for
                  | the Orb.
     0 | D:1      | Reached XP level 1. HP: 16/16 MP: 1/1
   131 | D:1      | Reached XP level 2. HP: 23/23 MP: 2/2
   300 | D:1      | Reached XP level 3. HP: 8/29 MP: 3/3
   593 | D:1      | Found a faded altar of an unknown god.
  1061 | D:2      | Reached skill level 2 in Fighting
  1255 | D:2      | Reached XP level 4. HP: 36/36 MP: 4/4
  1639 | D:3      | Found the +2 ratskin cloak {*Rats rPois rN+ Str-1 Int-1
                  | Dex+1}
  1647 | D:3      | Reached XP level 5. HP: 39/42 MP: 5/5
  2270 | D:4      | Noticed a wyvern
  2279 | D:4      | Killed a wyvern
  2280 | D:4      | Reached skill level 3 in Fighting
  2280 | D:4      | Reached XP level 6. HP: 26/51 MP: 6/6
  2738 | D:4      | Found a runed translucent door.
  2739 | D:4      | Noticed Crazy Yiuf
  3119 | D:4      | Reached skill level 4 in Fighting
  3119 | D:4      | Your scales start taking on a fiery red colour.
  3119 | D:4      | Reached XP level 7. HP: 55/58 MP: 7/7
  3119 | D:4      | Gained mutation: Your flesh is heat resistant. (rF+) [Red
                  | Draconian growth]
  3318 | D:4      | Reached skill level 5 in Unarmed Combat
  3425 | D:4      | Killed Crazy Yiuf
  3498 | D:4      | Identified the +6 hammer of the Beast {pain, rElec rF+}
  3527 | D:5      | Entered Level 5 of the Dungeon
  3532 | D:5      | Noticed Sigmund
  3663 | D:5      | Reached skill level 5 in Shapeshifting
  3673 | D:5      | Noticed Prince Ribbit
  3868 | D:5      | Killed Prince Ribbit
  3869 | D:5      | Reached skill level 5 in Fighting
  3869 | D:5      | Reached XP level 8. HP: 5/68 MP: 8/8
  4162 | D:5      | Killed Sigmund
  4274 | D:5      | Reached skill level 5 in Dodging
  4526 | D:6      | Noticed Nico3ck's ghost (amateur DsGl)
  4529 | D:6      | Found a runed translucent door.
  4541 | D:6      | Reached skill level 6 in Fighting
  4758 | D:6      | Reached XP level 9. HP: 77/77 MP: 9/9
  5278 | D:6      | Found a sacrificial altar of Ru.
  5301 | D:6      | Found a staircase to the Ecumenical Temple.
  5350 | Temple   | Entered the Ecumenical Temple
  5395 | Temple   | Became a worshipper of the Shining One
  5954 | D:6      | Killed Nico3ck's ghost
  5955 | D:6      | Reached skill level 7 in Fighting
  6810 | D:7      | Noticed Grum
  6818 | D:7      | Killed Grum
  6903 | D:7      | Reached XP level 10. HP: 88/88 MP: 10/10
  7049 | D:7      | Reached skill level 8 in Fighting
  7169 | D:7      | Found an ornate altar of the Wu Jian Council.
  7488 | D:8      | Reached * piety under the Shining One
  8854 | D:9      | Found Woebbir's Assorted Antiques.
  8863 | D:9      | Bought a bubbling red potion for 28 gold pieces
  8863 | D:9      | Bought a scroll labelled EGAARHYPEF for 32 gold pieces
  8863 | D:9      | Bought a scroll of identify for 64 gold pieces
  8863 | D:9      | Bought a scroll labelled OPIOKK WEAL WAN for 32 gold pieces
  8878 | D:9      | Paralysed by a hornet for 3 turns
  8887 | D:9      | HP: 4/90 [orc warrior/+0 scimitar (7)]
  9138 | D:9      | Found Qecim's Weapon Shoppe.
  9365 | D:9      | Noticed a rust devil
  9371 | D:9      | Reached skill level 9 in Fighting
  9378 | D:9      | Noticed a soul eater
  9575 | D:9      | Noticed a sixfirhy
  9581 | D:9      | HP: 3/91 [sixfirhy[a kobold demonologist] (2)]
  9581 | D:9      | Mangled by a sixfirhy

Illustrated notes

Levels and vault maps discovered:
D:1:      dpeg_arrival_simpleton_c, layout_basic, basic_ecumenical_altar
D:2:      layout_basic
D:3:      layout_basic
D:4:      layout_gridville, uniq_crazy_yiuf_cottage
D:5:      layout_rooms, uniq_prince_ribbit1, uniq_sigmund
D:6:      cheibrodos_steamvent, layout_loops_corners,
          nicolae_ru_great_annihilating_truth, minmay_temple_entry_poolview,
          hellmonk_ghost_happy_afterlife
D:7:      layout_cave_pools, nicolae_overflow_crystal_walls, serial_gnoll_camp,
          gnoll_camp_mini_hut, grums_kennel, gnoll_camp_mini_loothouse,
          gnoll_camp_medium_02
D:8:      layout_gridville
D:9:      layout_rooms, ebering_ghost_inner_flame, serial_shops, shop, shop,
          shop
Temple:   mainiacjoe_temple_cubbyholes

Skill      XL: |  1  2  3  4  5  6  7  8  9 10 |
---------------+-------------------------------+-----
Dodging        | 2 3 4 5 6 7 |  7.7
Fighting       | 2 3 4 5 6 7 9 |  9.0
Unarmed Combat | 4 5 6 7 8 |  8.8
Shapeshifting  | 4 5 6 7 8 |  8.2

Action                     |  1- 3 |  4- 6 |  7- 9 | 10-12 || total
---------------------------+-------+-------+-------+-------++-------
  Melee: Unarmed           |    50 |     9 |    66 |   148 ||   273
         Tailslap          |     4 |     9 |    33 |    25 ||    71
         Punch             |     2 |     6 |     9 |    15 ||    32
         Flail             |    30 |    68 |    39 |       ||   137
         Mace              |       |       |    62 |       ||    62
   Fire: Shortbow          |       |       |    86 |    21 ||   107
  Throw: Dart              |       |     6 |     4 |       ||    10
Ability: Breathe Fire      |       |       |    20 |     9 ||    29
    Use: Potion            |     1 |       |       |     5 ||     6
         Scroll            |       |     2 |     6 |     9 ||    17
   Stab: Sleeping          |     1 |     1 |     1 |       ||     3
 Armour: Skin              |    73 |    42 |   183 |   155 ||   453
  Dodge: Dodged            |    61 |    56 |   158 |   163 ||   438

Table legend: (Time is in decaauts)
 A = Elapsed time spent in this place.
 B = Non-inter-level travel time spent in this place.
 C = Inter-level travel time spent in this place.
 D = Time resting spent in this place.
 E = Time spent auto-exploring this place.
 F = Levels seen in this place.
 G = Mean time per level.
                   A        B        C        D        E       F      G
               +--------+--------+--------+--------+--------+-----+--------+
         Total |   9671 |   9141 |    530 |   1078 |   6638 |  10 |  967.1 |
       Dungeon |   9583 |   9139 |    444 |   1078 |   6638 |   9 | 1064.8 |
        Temple |     88 |      2 |     86 |      0 |      0 |   1 |   88.0 |
               +--------+--------+--------+--------+--------+-----+--------+

Top non-repeatable levels by time:
     D:6: 1765 daAuts
     D:4: 1719 daAuts
     D:8: 1314 daAuts
     D:7: 1313 daAuts
     D:1: 883 daAuts
     D:3: 745 daAuts
     D:5: 664 daAuts
     D:2: 616 daAuts
     D:9: 559 daAuts
  Temple: 88 daAuts
